 Dungeon Crawl Stone Soup version 0.17-a0-1851-gf12a9eb (webtiles) character file.

206 Geeful the Insei (level 6, -17/47 HPs)
             Began as a Human Wanderer on Sept 19, 2015.
             Was a Follower of Makhleb.
             Demolished by an ogre
             ... wielding a +0 giant club
              (21 damage)
             ... on level 4 of the Dungeon.
             The game lasted 00:12:11 (3100 turns).

Geeful the Insei (Human Wanderer)                   Turns: 3100, Time: 00:12:11

Health: -17/47     AC:  7    Str: 13    XL:     6   Next: 10%
Magic:  6/6        EV:  3    Int: 13    God:    Makhleb [*.....]
Gold:   107        SH:  0    Dex: 13    Spells: 0 memorised, 5 levels left

rFire  . . .     SeeInvis .       - Unarmed
rCold  . . .     Clarity  .     i - +0 scale mail
rNeg   . . .     SustAt   .     (no shield)
rPois  .         Gourm    .     (no helmet)
rElec  .         Spirit   .     (no cloak)
rCorr  .         Warding  .     (no gloves)
rMut   .         Stasis   .     (no boots)
MR     .....                    m - amulet of regeneration
Stlth  ..........               (no ring)
                                (no ring)

@: not resistant to hostile enchantments, extremely unstealthy
A: no striking features
a: Renounce Religion


You were on level 4 of the Dungeon.
You worshipped Makhleb.
Makhleb was aware of your devotion.
You were hungry.

You visited 1 branch of the dungeon, and saw 4 of its levels.

You collected 107 gold pieces.

Inventory:

Missiles
 k - 2 curare-tipped needles
 w - 14 poisoned needles
Armour
 i - a +0 scale mail (worn)
Jewellery
 m - an amulet of regeneration (around neck)
 s - an uncursed amulet of clarity
Magical devices
 r - a wand of polymorph (0)
Scrolls
 a - 2 scrolls of blinking
 c - 3 scrolls of random uselessness
 d - a scroll of teleportation {unknown}
 f - a scroll of amnesia {unknown}
 g - 2 scrolls of identify
 h - 2 scrolls of remove curse {unknown}
 l - 3 scrolls of enchant weapon {unknown}
 p - 2 scrolls of fear
 q - a scroll of magic mapping {unknown}
 t - a scroll of recharging {unknown}
Potions
 b - a potion of haste
 n - 2 potions of flight
 v - a potion of curing
Comestibles
 e - 4 bread rations
 j - 4 beef jerkies
 o - 2 fruits


   Skills:
 - Level 3.0 Fighting
 - Level 1.0 Throwing
 - Level 4.0 Armour
 - Level 1.0 Stealth
 + Level 5.5 Unarmed Combat


You had 5 spell levels left.
You didn't know any spells.

Dungeon Overview and Level Annotations

Branches:
Dungeon (4/15)
 Temple: D:4-7

Altars:
Cheibriados
Dithmenos
Gozag
Makhleb
Qazlal

Annotations:
D:4 Edmund; Geeful's ghost, average HuWn


Message History

You barely miss the ogre.
The ogre is lightly wounded.
The jackal bites you. The ogre hits you with a giant club.
The jackal misses you.
You hit the ogre but do no damage.
The ogre is lightly wounded.
The jackal bites you but does no damage.
You punch the jackal!
You kill the jackal!
Makhleb accepts your kill. The ogre hits you with a giant club!
* * * LOW HITPOINT WARNING * * *
You are feeling hungry.
There is an escape hatch in the floor here.
You hear the quick rusting of a very distant drain.
The ogre hits you with a giant club!
* * * LOW HITPOINT WARNING * * *
There is a stone staircase leading up here.
The ogre hits you with a giant club!!
You die...

#####.####.### #.#..#
.....††....... #.#..#
#..###.### #.#..#
#......>.########.#..# ##
#...##............#..#
.####.#.##...#...........#
.W@...#.##...#.#########.##
.######..#...#.#....#.....#
.##......#...#.#@O#.#.#####
.##.####.#...#.####.#.#
.'.....#.#...#......#.#
.##.##.#.....########.#
#....#.#.........@....#
#....#.#....###########
#....#.#....# #....#.#..>.#
#........##.#


You could see an ogre.

Vanquished Creatures
  Ijyb (D:2)
  An orc wizard (D:3)
  Terence (D:2)
  A worker ant (D:4)
  2 adders
  An ooze (D:3)
  An adder skeleton (D:4)
  A worm (D:4)
  5 giant geckos
  3 orcs (D:3)
  2 giant cockroaches
  8 hobgoblins
  12 jackals
  2 quokkas
  3 ball pythons
  3 bats
  A giant newt (D:3)
  13 goblins
  3 kobolds
  5 rats
69 creatures vanquished.

Notes
Turn   | Place    | Note
--------------------------------------------------------------
     0 | D:1      | Geeful the Human Wanderer began the quest for the Orb.
     0 | D:1      | Geeful set off with: a scroll of blinking, a potion of haste, a +0 hand axe, a +0 ring mail, a bread ration
     0 | D:1      | Reached XP level 1. HP: 18/18 MP: 1/1
   359 | D:1      | Reached XP level 2. HP: 13/24 MP: 2/2
   912 | D:2      | Noticed Terence
   986 | D:2      | Killed Terence
   986 | D:2      | Reached XP level 3. HP: 15/29 MP: 3/3
  1322 | D:2      | Found an opulent altar of Gozag.
  1366 | D:2      | Reached XP level 4. HP: 32/35 MP: 4/4
  1491 | D:2      | Noticed Ijyb
  1549 | D:2      | Killed Ijyb
  1694 | D:2      | Found a stormy altar of Qazlal.
  1698 | D:2      | Found a burning altar of Makhleb.
  1703 | D:2      | Found a snail-covered altar of Cheibriados.
  1709 | D:2      | Became a worshipper of Makhleb the Destroyer
  1780 | D:3      | Reached XP level 5. HP: 37/41 MP: 5/5
  2037 | D:3      | Reached skill level 5 in Unarmed Combat
  2131 | D:3      | Acquired Makhleb's first power
  2158 | D:3      | Found a shadowy altar of Dithmenos.
  2533 | D:4      | Noticed Edmund
  2648 | D:4      | Reached XP level 6. HP: 21/47 MP: 6/6
  2747 | D:4      | Noticed Geeful's ghost (average HuWn)
  3065 | D:4      | Noticed an ogre
  3095 | D:4      | HP: 1/47 [ogre/giant club (17)]
  3100 | D:4      | Demolished by an ogre

Vault maps used:
D:1:      saegor_arrival_under_anarchy
D:2:      kennysheep_goblin_castle,
          nicolae_gozag_cash_rules_everything_around_me,
          minmay_overflow_temple_star_quad, uniq_terence
D:3:      grunt_dithmenos_smoke_and_mirrors, first_bread
D:4:      portal_sewer_entry_d, nicolae_ru_path_of_blood, uniq_edmund

Action                   |  1- 3 |  4- 6 || total
-------------------------+-------+-------++-------
Melee: Unarmed           |   133 |   423 ||   556
Evoke: Wand              |       |     4 ||     4
  Use: Potion            |     3 |     4 ||     7
       Scroll            |       |     3 ||     3
 Stab: Invisible         |       |     2 ||     2
  Eat: Chunk             |     2 |     6 ||     8
       Fruit             |       |     2 ||     2
